 Dungeon Crawl Stone Soup version 0.17-a0-1787-g4aeb8be (webtiles) character file.

112 PunishedDaluan the Caller (level 4, -2/24 HPs)
             Began as a Tengu Summoner on Sept 9, 2015.
             Killed by divine providence
             ... invoked by an orc priest
              (14 damage)
             ... on level 3 of the Dungeon.
             The game lasted 00:06:30 (3028 turns).

PunishedDaluan the Caller (Tengu Summoner)          Turns: 3028, Time: 00:06:30

Health: -2/24      AC:  2    Str:  8    XL:     4   Next: 95%
Magic:  3/8        EV: 15    Int: 17    God:
Gold:   54         SH:  0    Dex: 14    Spells: 3 memorised, 0 levels left

rFire  . . .     SeeInvis .     f - +0 dagger (venom)
rCold  . . .     Clarity  .     a - +0 robe
rNeg   . . .     SustAt   +     (no shield)
rPois  .         Gourm    .     (helmet restricted)
rElec  .         Spirit   .     (no cloak)
rCorr  .         Warding  .     (no gloves)
rMut   .         Stasis   .     (boots unavailable)
MR     .....                    (no amulet)
Stlth  ++........               n - ring of sustain attributes
                                d - +3 ring of evasion

@: not resistant to hostile enchantments, unstealthy
A: beak, talons 3
a: no special abilities


You were on level 3 of the Dungeon.
You were hungry.

You visited 1 branch of the dungeon, and saw 3 of its levels.

You collected 54 gold pieces.

Inventory:

Hand weapons
 e - a +1 dagger
 f - a +0 dagger of venom (weapon)
Armour
 a - a +0 robe (worn)
Jewellery
 d - a +3 ring of evasion (left hand)
 n - a ring of sustain attributes (right hand)
Scrolls
 g - a scroll of teleportation
 h - a scroll of enchant weapon
 l - a scroll of identify
 m - a scroll of noise {unknown}
Books
 b - a book of Callings

   Spells                             Type                      Level
   a - Summon Small Mammal            Summoning                    1
   b - Call Imp                       Summoning                    2
   c - Call Canine Familiar           Summoning                    3
   d - Summon Guardian Golem          Hexes/Summoning              3
   e - Summon Lightning Spire         Summoning/Air                4
   f - Summon Ice Beast               Ice/Summoning                4
Comestibles
 c - 2 bread rations
 i - 2 beef jerkies
 j - 4 chunks of flesh


   Skills:
 - Level 2.1 Dodging
 - Level 2.0 Stealth
 - Level 2.0 Spellcasting
 * Level 7.3 Summonings


You couldn't memorise any spells.
You knew the following spells:

 Your Spells              Type           Power        Failure   Level  Hunger
a - Summon Small Mammal   Summ           ####         1%          1    #......
b - Call Canine Familiar  Summ           ####....     3%          3    ###....
c - Summon Guardian Gole  Hex/Summ       ##......     14%         3    ###....


Dungeon Overview and Level Annotations

Branches:
Dungeon (3/15)

Altars:


Innate Abilities, Weirdness & Mutations

You have a beak for a mouth.
You have claws for feet.


Message History

r - Retreat! s - Stop attacking. w - Wait here. f - Follow me.
Anything else - Stay silent.
Gang up on whom?
Press: ? - help, Dir - move target cursor, f - orc priest
Aim: an orc priest, wielding a falchion Attack!
You hear a shout!
Your hound barely misses the orc priest.
The orc priest hits your hound with a falchion.
Your hound bites the orc priest.
Your hound barely misses the orc priest.
The orc priest calls down the wrath of Beogh upon you.
Something smites you!
Ouch! That really hurt!
Your hound bites the orc priest.
The orc priest calls down the wrath of Beogh upon you.
Something smites you!
Ouch! That really hurt!
You die...

# #. ## ##.# ..
###...########.###.
......†.##@........
#..<...††...?
####h###..##. #o#
.# #.# #.# #.# ...
...


You could see an orc priest and a friendly hound.

Vanquished Creatures
  An adder (D:2)
  An ooze (D:2)
  A worm (D:2)
  An orc (D:2)
  4 giant cockroaches
  7 goblins
  6 hobgoblins
  4 kobolds (D:1)
  3 quokkas
  6 bats
  2 giant geckos (D:2)
  A giant newt (D:1)
  2 rats (D:1)
39 creatures vanquished.

Vanquished Creatures (collateral kills)
  4 gnolls (D:2)
  3 adders
  2 worms (D:2)
  3 giant geckos
  2 bats
  A goblin (D:2)
  2 hobgoblins
  A kobold (D:2)
  2 giant newts (D:2)
  A rat (D:2)
21 creatures vanquished.

Grand Total: 60 creatures vanquished

Notes
Turn   | Place    | Note
--------------------------------------------------------------
     0 | D:1      | PunishedDaluan the Tengu Summoner began the quest for the Orb.
     0 | D:1      | Reached XP level 1. HP: 10/10 MP: 4/4
    58 | D:1      | Reached skill level 5 in Summonings
   156 | D:1      | Reached XP level 2. HP: 13/15 MP: 6/6
  1007 | D:1      | Reached XP level 3. HP: 19/19 MP: 7/7
  1040 | D:2      | Reached skill level 6 in Summonings
  1079 | D:2      | Learned a level 3 spell: Call Canine Familiar
  1483 | D:2      | Reached XP level 4. HP: 17/24 MP: 4/8
  2301 | D:2      | Reached skill level 7 in Summonings
  2907 | D:2      | Learned a level 3 spell: Summon Guardian Golem
  3028 | D:3      | Killed from afar by an orc priest

Vault maps used:
D:1:      lightli_arrival_noodles

Action                   |  1- 3 |  4- 6 || total
-------------------------+-------+-------++-------
Melee: Unarmed           |    13 |       ||    13
       Dagger            |    96 |    66 ||   162
 Cast: Summon Small Mamm |     9 |     1 ||    10
       Call Canine Famil |     3 |    11 ||    14
  Use: Scroll            |       |     5 ||     5
       Potion            |       |     3 ||     3
 Stab: Sleeping          |     8 |     3 ||    11
       Distracted        |     2 |       ||     2
  Eat: Chunk             |     2 |     6 ||     8
